AoeStats
← CNZS_98T

Arabia

510408216Analyzed
1v1 RM · 22h ago on Sep 30, 2026· 44m 5s· 2 players
Game mode
Random Map
Map size
Tiny (2 player)
Population
200
Speed
Normal
Resources
Standard
Victory
Conquest
Starting age
Dark Age
Ending age
Imperial Age
RankedLock teamsTeams togetherTeam positionsShared explorationLock speedFull tech treeHidden civsTurbo modeCheats
Victory
Defeat
🇳🇱 Bohemians · Netherlands
2531
+14
🇧🇪 Khitans · Belgium
2494
-14
Macluffy
7:43 Loom
10:42 Feudal Age
11:05 Man-at-Arms
12:33 Arson
14:31 Fletching
15:45 Double-Bit Axe
21:43 Castle Age
20:17 Domestication
20:59 Gold Mining
21:36 Padded Archer Armor
21:46 Elite Skirmisher
22:21 Bodkin Arrow
23:15 Bow Saw
25:13 Ballistics
36:38 Imperial Age
34:46 Wheelbarrow
35:36 Thumb Ring
35:51 Leather Archer Armor
39:01 Bracer
CNZS_98T
6:59 Loom
9:12 Feudal Age
9:59 Double-Bit Axe
14:29 Fletching
17:01 Padded Archer Armor
21:34 Castle Age
19:29 Horse Collar
22:10 Wheelbarrow
24:55 Chemistry
25:53 Sanctity
25:45 Fervor
25:56 Sanctity
31:33 Leather Archer Armor
32:14 Town Watch
32:40 Bow Saw
39:08 Imperial Age
37:57 Bodkin Arrow
38:25 Ballistics
39:35 Elite Skirmisher
40:35 Guard Tower
40:50 Bracer
43:33 Ring Archer Armor
Connection lost

Rejoining the realm…

Still unreachable

The connection could not be restored.

Session expired

The server has moved on; the page needs a fresh start.